 Dungeon Crawl Stone Soup version 0.17-a0-465-g279efb6 (webtiles) character file.

206 VenixHeart the Chopper (level 5, -1/32 HPs)
             Began as a Gargoyle Fighter on Apr 6, 2015.
             Slain by an orc warrior
             ... wielding a +0 dire flail
              (8 damage)
             ... on level 3 of the Dungeon.
             The game lasted 00:06:18 (1672 turns).

VenixHeart the Chopper (Gargoyle Fighter)           Turns: 1672, Time: 00:06:18

Health: -1/32      AC: 14    Str: 20    XL:     5   Next: 84%
Magic:  5/5        EV:  5    Int:  9    God:
Gold:   122        SH:  9    Dex:  9    Spells: 0 memorised, 4 levels left

rFire  . . .     SeeInvis +     a - +0 war axe
rCold  . . .     Clarity  .     s - +0 chain mail
rNeg   + . .     SustAb   .     c - +0 shield
rPois  ∞         Gourm    .     (no helmet)
rElec  +         Spirit   .     o - +0 cloak
rCorr  .         Warding  .     (no gloves)
rMut   .         Stasis   .     (no boots)
MR     .....                    (no amulet)
Stlth  ..........               (no ring)
                                x - ring of see invisible

@: not resistant to hostile enchantments, extremely unstealthy
A: negative energy resistance 1, electricity resistance, unbreathing,
petrification resistance, rot immunity, AC +4
a: no special abilities


You were on level 3 of the Dungeon.
You were not hungry.

You visited 1 branch of the dungeon, and saw 3 of its levels.

You collected 122 gold pieces.

Inventory:

Hand weapons
 a - a +0 war axe (weapon)
 g - a +1 short sword of speed
Armour
 b - a +0 scale mail
 c - a +0 shield (worn)
 o - a +0 cloak (worn)
 s - a +0 chain mail (worn)
Jewellery
 x - a ring of see invisible (left hand)
Scrolls
 i - 2 scrolls of noise {unknown}
 j - 2 scrolls of identify {unknown}
 l - 3 scrolls of remove curse {unknown}
 q - a scroll of teleportation {unknown}
 r - a scroll of amnesia {unknown}
 u - a scroll of enchant weapon {unknown}
Potions
 e - 3 potions of might
 f - 2 potions of curing {unknown}
 h - a potion of invisibility {unknown}
 m - a potion of resistance {unknown}
 n - 2 potions of magic {unknown}
 p - a potion of restore abilities {unknown}
 t - a potion of heal wounds {unknown}
 v - a potion of agility {unknown}
Comestibles
 d - 6 bread rations
 k - a slice of pizza
 w - 5 chunks of flesh


   Skills:
 - Level 3.2 Fighting
 + Level 5.3 Axes
 - Level 3.2 Armour
 - Level 3.2 Shields


You had 4 spell levels left.
You didn't know any spells.

Dungeon Overview and Level Annotations

Branches:
Dungeon (3/15)

Altars:


Innate Abilities, Weirdness & Mutations

You are resistant to torment.
Your stone body is resilient (AC +4).
You are immune to poison.
You resist negative energy.
You are resistant to electric shocks.
You can survive without breathing.
You are immune to petrification.
You are immune to rotting.


Message History

Found a metallic red potion and a scroll labeled EGHAVASH CUTO.
The orc throws a tomahawk.
You block the tomahawk.
You see here a tomahawk.
You see here 20 stones.
The orc warrior hits you but does no damage.
Your chain mail prevents you from hitting the orc warrior.
The orc warrior is lightly wounded.
The orc warrior barely misses you.
You closely miss the orc warrior.
The orc warrior is lightly wounded.
You block the orc warrior's attack.
The orc warrior hits you with a dire flail!
You closely miss the orc warrior.
The orc warrior is lightly wounded.
You hit the orc.
The orc is severely wounded.
The orc hits you.
* * * LOW HITPOINT WARNING * * *
The orc warrior hits you with a dire flail!
You die...

..###..$###...#
...............#
..............# .
..........)...#
#...###...###)..#
#.. #...# #(o.#
##...###...###...#
..........o.......#
.......!.@o(......#
..................#
##...###...###...#
#.. #...# #...# #.
#...# #...# .
...... ....#
..........?#
....... . . #...#


You could see an orc warrior and an orc.

Vanquished Creatures
  2 orc wizards (D:3)
  Jessica (D:3)
  Robin (D:3)
  An adder (D:2)
  3 worms (D:2)
  4 giant geckos
  8 orcs (D:3)
  5 bats
  2 giant cockroaches
  7 hobgoblins
  10 kobolds
  2 quokkas
  3 ball pythons
  4 giant newts
  11 goblins
  7 jackals
  7 rats
78 creatures vanquished.

Notes
Turn   | Place    | Note
--------------------------------------------------------------
     0 | D:1      | VenixHeart, the Gargoyle Fighter, began the quest for the Orb.
     0 | D:1      | Reached XP level 1. HP: 14/14 MP: 1/1
   157 | D:1      | Reached XP level 2. HP: 17/19 MP: 2/2
   591 | D:1      | Reached XP level 3. HP: 19/23 MP: 3/3
   914 | D:2      | Reached XP level 4. HP: 26/28 MP: 4/4
  1149 | D:2      | Reached skill level 4 in Axes
  1342 | D:3      | Noticed Robin
  1351 | D:3      | Killed Robin
  1425 | D:3      | Reached XP level 5. HP: 20/32 MP: 5/5
  1567 | D:3      | Reached skill level 5 in Axes
  1611 | D:3      | Noticed Jessica
  1618 | D:3      | Killed Jessica
  1653 | D:3      | Noticed an orc warrior
  1672 | D:3      | Slain by an orc warrior

Action                   |  1- 3 |  4- 6 || total
-------------------------+-------+-------++-------
Melee: War axe           |   121 |   121 ||   242
  Use: Potion            |       |     1 ||     1
  Eat: Chunk             |       |     3 ||     3
